 Dungeon Crawl Stone Soup version 0.29.1-1-gd02db6906a (webtiles) character file.

Game seed: 5098434935378018200

66 H0rd4k the Insei (level 4, -2/28 HPs)
             Began as an Octopode Transmuter on Oct 17, 2022.
             Hit by a stone thrown by a gnoll (5 damage)
             ... on level 2 of the Dungeon.
             The game lasted 00:01:18 (2226 turns).

H0rd4k the Insei (Octopode Transmuter)              Turns: 2226, Time: 00:01:19

Health: -2/28      AC:  1    Str:  9    XL:     4   Next: 15%
Magic:  6/7        EV: 13    Int: 17    God:
Gold:   103        SH:  0    Dex: 12    Spells: 6/7 levels left

rFire   . . .      SeeInvis .     - Unarmed
rCold   . . .      Faith    .   (no shield)
rNeg    . . .      Spirit   .   (helmet currently unavailable)
rPois   .          Reflect  .   (no amulet)
rElec   .          Harm     .   (no ring)
rCorr   .          Rampage  .   (no ring)
Will    .....                   (no ring)
Stlth   +++.......              (no ring)
HPRegen 0.09/turn               (no ring)
MPRegen 0.10/turn               (no ring)
                                (no ring)
                                (no ring)

@: appendages (expiring)
A: tentacle spike 3, almost no armour, amphibious, 8 rings, camouflage 1,
gelatinous body 1, (nimble swimmer 1), tentacles
a: End Transformation


You were on level 2 of the Dungeon.
One of your tentacles had grown a beastly spike.
You visited 1 branch of the dungeon, and saw 2 of its levels.

You collected 103 gold pieces.

Inventory:

Scrolls
 b - a scroll of magic mapping {unknown}
 d - a scroll of enchant weapon {unknown}
 e - a scroll of poison {unknown}
 f - a scroll of immolation {unknown}
 g - 3 scrolls of teleportation {unknown}
Potions
 a - a potion of lignification
 c - a potion of haste {unknown}


   Skills:
 + Level 1.1 Fighting
 + Level 2.8 Dodging
 + Level 2.5 Stealth
 + Level 3.5 Unarmed Combat
 + Level 2.2 Spellcasting
 + Level 2.1 Transmutations


You had 6 spell levels left.
You knew the following spells:

 Your Spells              Type           Power      Damage    Failure   Level
a - Beastly Appendage     Tmut           18%        N/A       8%          1

Your spell library contained the following spells:

 Spells                   Type           Power      Damage    Failure   Level
 Wereblood                Tmut           9%         N/A       12%         2
 Spider Form              Tmut/Pois      5%         N/A       36%         3
 Ozocubu's Armour         Ice            1%         N/A       50%         3
 Ice Form                 Ice/Tmut       5%         N/A       77%         4
 Metabolic Englaciation   Hex/Ice        0%         N/A       99%         5
 Simulacrum               Ice/Necr       0%         N/A       100%        6


Dungeon Overview and Level Annotations

Branches:
Dungeon (2/15)

Altars:

Annotations:
D:1 exclusion: downstairs


Innate Abilities, Weirdness & Mutations

One of your tentacles has grown a beastly spike.
You cannot wear most types of armour.
You are amphibious.
You can wear up to eight rings at the same time.
Your skin changes colour to match your surroundings (Stealth+).
Your rubbery body absorbs attacks. (AC +1, EV +1)
((You are camouflaged when in or above water. (Stealth+)))
You have tentacles for arms and can constrict up to eight enemies at once.


Message History

You closely miss the gnoll.
The gnoll shouts!
The endoplasm quivers.
The gnoll shouts!
Your grab misses the gnoll. The gnoll hits you with a +0 whip.
You closely miss the gnoll. Your grab misses the gnoll.
The gnoll barely misses you. The gnoll attacks as you move away!
The gnoll hits you with a +0 whip.
Casting: Beastly Appendage (safe; 8% risk of failure)
Confirm with . or Enter, or press ? or * to list all spells.
One of your tentacles grows a vicious spike.
The gnoll hits you with a +0 whip.
You tentacle-slap the gnoll. You grab the gnoll. You squeeze the gnoll.
The gnoll is moderately wounded.
You constrict the gnoll. The gnoll barely misses you.
You tentacle-slap the gnoll but do no damage.
You pierce the gnoll, but do no damage.
You squeeze the gnoll!
You kill the gnoll!
A gnoll comes into view. It is wielding a +0 flail.
You see here a +0 whip.
You tentacle-slap the endoplasm.
You kill the endoplasm!
You closely miss the gnoll. You grab the gnoll.
You pierce the gnoll, but do no damage.
You squeeze the gnoll.
The gnoll is heavily wounded.
You constrict the gnoll, but do no damage.
The gnoll barely misses you.
You tentacle-slap the gnoll.
The gnoll is almost dead.
You constrict the gnoll. The gnoll hits you with a +0 flail.
* * * LOW HITPOINT WARNING * * *
You tentacle-slap the gnoll.
You kill the gnoll!
You have reached level 4!
The gnoll throws a stone.
The stone hits you but does no damage.
Your transformation is almost over.
You see here a hobgoblin corpse.
The gnoll throws a stone.
The stone closely misses you.
The gnoll throws a stone.
The stone hits you.
You die...

###### #.# ).<..##.
#.# .....##. #.#
#....##. #.#
J....##.### #.#
..........# #.#
.g........# #.#
..........#########.#
##........g).†..@...#
........###########
..!.....# ........#
........# ........#
..)....$# ........#


You could see a gnoll.

Vanquished Creatures
  2 gnolls (D:2)
  2 adders (D:2)
  A dart slug (D:1)
  4 ball pythons
  2 endoplasms
  3 giant cockroaches
  2 goblins
  3 hobgoblins
  2 quokkas (D:1)
  5 bats (D:1)
  2 kobolds
  A rat (D:2)
29 creatures vanquished.

Notes
Turn   | Place    | Note
-------+----------+-------------------------------------------
     0 | D:1      | H0rd4k the Octopode Transmuter began the quest for the Orb.
     0 | D:1      | Reached XP level 1. HP: 13/13 MP: 3/3
   570 | D:1      | Reached XP level 2. HP: 18/18 MP: 5/5
  1601 | D:2      | Reached XP level 3. HP: 20/23 MP: 4/6
  1605 | D:2      | Reached skill level 1 in Stealth
  2222 | D:2      | Reached XP level 4. HP: 2/28 MP: 5/7
  2226 | D:2      | Hit by a stone thrown by a gnoll

Illustrated notes

Levels and vault maps discovered:
D:1:      beargit_arrival_greenhouse, layout_basic
D:2:      layout_basic, shapermc_ecumenical_altar_mp_ritualfount

Skill      XL: |  1  2  3 |
---------------+----------+-----
Stealth        | 2 |  2.5
Fighting       | |  1.1
Dodging        | |  2.8
Unarmed Combat | |  3.5
Spellcasting   | |  2.2
Transmutations | |  2.1

Action                   |  1- 3 |  4- 6 || total
-------------------------+-------+-------++-------
Melee: Unarmed           |    76 |       ||    76
       Tentacles         |    14 |       ||    14
       Constrict         |    23 |       ||    23
       Punch             |     3 |       ||     3
       Kick              |     2 |       ||     2
 Cast: Beastly Appendage |     1 |       ||     1
 Stab: Sleeping          |     9 |       ||     9
Armor: Skin              |     3 |     1 ||     4
Dodge: Dodged            |    35 |     1 ||    36
